 Dungeon Crawl Stone Soup version 0.19.4-8-ga85b6b9 (webtiles) character file.

154 JNO the Firebug (level 5, -2/35 HPs)
             Began as a Human Fire Elementalist on Feb 14, 2017.
             Slain by appiemonkey's ghost (8 damage)
             ... on level 3 of the Dungeon.
             The game lasted 00:26:07 (3968 turns).

JNO the Firebug (Human Fire Elementalist)           Turns: 3968, Time: 00:26:08

Health: -2/35      AC:  2    Str:  8    XL:     5   Next: 63%
Magic:  3/9        EV: 13    Int: 16    God:
Gold:   147        SH:  0    Dex: 14    Spells: 2 memorised, 6 levels left

rFire  . . .     SeeInvis .     h - -3 rod of ignition (9/9)
rCold  . . .     Gourm    .     a - +0 robe
rNeg   . . .     Faith    +     (no shield)
rPois  .         Spirit   .     (no helmet)
rElec  .         Reflect  .     (no cloak)
rCorr  .         Harm     .     (no gloves)
MR     .....                    (no boots)
Stlth  ++........               n - amulet of faith
                                (no ring)
                                l - +1 ring of evasion

@: no status effects
A: no striking features
a: no special abilities


You were on level 3 of the Dungeon.
You were not hungry.

You visited 1 branch of the dungeon, and saw 3 of its levels.

You collected 147 gold pieces.

Inventory:

Hand Weapons
 j - a +0 short sword of holy wrath
Armour
 a - a +0 robe (worn)
Rods
 h - a -3 rod of ignition (9/9) (in hand)
   (You found it on level 2 of the Dungeon)
Jewellery
 l - a +1 ring of evasion (left hand)
 n - an amulet of faith (around neck)
Scrolls
 c - a scroll of amnesia
 d - 2 scrolls of identify
 k - a scroll of random uselessness {unknown}
 m - 3 scrolls of remove curse {unknown}
 p - a scroll of noise {unknown}
 q - 2 scrolls of teleportation {unknown}
Potions
 e - a potion of curing {unknown}
 g - 2 potions of brilliance {unknown}
Books
 b - a book of Flames

   Spells                             Type                      Level
   a - Flame Tongue                   Conjuration/Fire             1
   b - Throw Flame                    Conjuration/Fire             2
   c - Conjure Flame                  Conjuration/Fire             3
   d - Inner Flame                    Hexes/Fire                   3
   e - Sticky Flame                   Conjuration/Fire             4
   f - Fireball                       Conjuration/Fire             5
 f - a book of Changes

   Spells                             Type                      Level
   a - Beastly Appendage              Transmutation                1
   b - Sticks to Snakes               Transmutation                2
   c - Spider Form                    Transmutation/Poison         3
   d - Ice Form                       Ice/Transmutation            4
   e - Blade Hands                    Transmutation                5
Comestibles
 i - a chunk of flesh
 o - 3 bread rations


   Skills:
 - Level 2.0 Dodging
 - Level 2.0 Stealth
 + Level 3.2 Spellcasting
 + Level 3.2 Conjurations
 + Level 4.0 Fire Magic


You had 6 spell levels left.
You knew the following spells:

 Your Spells              Type           Power        Failure   Level  Hunger
a - Flame Tongue          Conj/Fire      ##...        6%          1    None
b - Conjure Flame         Conj/Fire      ##......     14%         3    ###....


Dungeon Overview and Level Annotations

Branches:
Dungeon (3/15)

Altars:

Annotations:
D:3 appiemonkey's ghost, amateur MiFi


Message History

Aiming: Conjure Flame
Press: ? - help, Dir - move target cursor, p - orc priest The fire roars!
Things that are here:
a club; a hobgoblin skeleton You see here a hobgoblin skeleton.
Casting: Conjure Flame
Confirm with . or Enter, or press ? or * to list all spells.
You don't have enough magic to cast that spell.
Things that are here:
a club; a hobgoblin skeleton Appiemonkey's ghost turns its malevolent gaze towards you.
Appiemonkey's ghost screams, "I have seen your future, and it is all used up."
Appiemonkey's ghost barely misses you. Appiemonkey's ghost hits you!
* * * LOW HITPOINT WARNING * * *
Appiemonkey's ghost misses you.
The orc priest begins to cast a cantrip, but forgets the words!
Appiemonkey's ghost hits you!
You die...

.'....#
#..####'####...#
.####.#
##...#...#.....#
...##.#
###o##.##.....#
.[.##..
#..###......#######
..###..#
##.................
#.# #..#
#......####.[.....
.. )..
#.#########.......
...
#W#.......#.......
...
##@#.......####.###
#..........# ###
#..........# ##+##
#....####### #...#
#....# #...#
#####'### <...#
..##.....# #...#
..##.....# .#'##
....#.....#


You could see an orc priest and appiemonkey's ghost.

Vanquished Creatures
  Jessica (D:3)
  A gnoll (D:2)
  3 adders
  A worm (D:2)
  3 dart slugs (D:1)
  3 leopard geckos
  2 ball pythons
  4 giant cockroaches
  16 hobgoblins
  3 jackals (D:1)
  8 kobolds
  2 quokkas
  8 bats
  5 frilled lizards (D:1)
  9 goblins
  6 rats
75 creatures vanquished.

Notes
Turn   | Place    | Note
-------+----------+-------------------------------------------
     0 | D:1      | JNO the Human Fire Elementalist began the quest for the Orb.
     0 | D:1      | Reached XP level 1. HP: 13/13 MP: 3/3
   219 | D:1      | Reached XP level 2. HP: 19/19 MP: 3/5
   564 | D:1      | Reached XP level 3. HP: 17/24 MP: 0/6
  1345 | D:1      | Learned a level 3 spell: Conjure Flame
  1431 | D:2      | Identified a -3 rod of ignition (9/9) (You found it on level 2 of the Dungeon)
  1439 | D:2      | Reached XP level 4. HP: 30/30 MP: 6/8
  2475 | D:3      | Reached XP level 5. HP: 33/35 MP: 5/9
  2714 | D:3      | Noticed appiemonkey's ghost (amateur MiFi)
  3398 | D:3      | Noticed Jessica
  3407 | D:3      | Killed Jessica
  3906 | D:3      | Reached skill level 4 in Fire Magic
  3968 | D:3      | Slain by appiemonkey's ghost

Skill      XL: |  1  2  3  4  5 |
---------------+----------------+-----
Conjurations   | 2 3 |  3.2
Spellcasting   | 3 |  3.2
Fire Magic     | 4 |  4.0
Dodging        | |  2.0
Stealth        | |  2.0

Action                   |  1- 3 |  4- 6 || total
-------------------------+-------+-------++-------
 Cast: Flame Tongue      |    66 |   107 ||   173
       Conjure Flame     |     1 |    12 ||    13
  Use: Scroll            |       |     2 ||     2
  Eat: Chunk             |     2 |       ||     2
       Bread ration      |       |     1 ||     1
       Meat ration       |       |     1 ||     1
       Pizza             |       |     1 ||     1
Armor: Robe              |    11 |     6 ||    17
Dodge: Dodged            |    31 |    57 ||    88
